Cogmind - Beta 13 @@@ ROGUE MODE // 2024.03.06 @ 10:13:53 Player: Zon Result: Destroyed by as-90328 with Assembled Rifle Performance ------------- Evolutions (0) 0 Regions Visited (3) 600 Robots Destroyed (13) 65 Value Destroyed (287) 287 Prototype IDs (1) 20 Alien Tech Used (0) 0 Bonus (99) 99 TOTAL SCORE: 1071 Bonus ------- Follower Combat Kills 99 Cogmind --------- Core Integrity 0/250 Matter 300/300 Energy 99/100 System Corruption 17% Temperature Cool (0) Movement Core (50) Location -10/Exiles Parts ------- > --- POWER (1) -------- (None) > --- PROPULSION (2) --- (None) > --- UTILITY (2) ------ (None) > --- WEAPON (2) ------- (None) > --- INVENTORY (5) ---- Light Ion Engine Large Battery (200) ECM Suite Light Armor Plating Light Assault Rifle Peak State ------------ > --- POWER ------------ Ion Engine > --- PROPULSION ------- Wheel Wheel > --- UTILITY ---------- Small Storage Unit Experimental Sensor Array > --- WEAPON ----------- Medium Laser Particle Gun > --- INVENTORY -------- Light Ion Engine Wheel Improved Heat Sink Medium Storage Unit Transport Network Coupler ECM Suite Light Armor Plating Light Assault Rifle [Rating: 17] Favorites ----------- Power Ion Engine Engine Ion Engine Propulsion Wheel Leg Aluminum Leg Wheel Wheel Utility Small Storage Unit Device Experimental Sensor Array Storage Small Storage Unit Weapon Particle Gun Energy Gun Particle Gun Ballistic Gun Assault Rifle Ballistic Cannon Light Cannon Build | -11 -10 -10 -10 ------- Run | Yrd Mat Min Exi Slots Evolved . | . . . . Power . | . . . . Propulsion . | . . . . Utility . | . . . . Weapon . | . . . . Parts Attached 16 | 6 7 3 . Power 2 | 1 1 . . Engine 2 | 1 1 . . Core . | . . . . Reactor . | . . . . Propulsion 6 | 2 4 . . Treads . | . . . . Leg 4 | 2 2 . . Wheel 2 | . 2 . . Hover . | . . . . Flight . | . . . . Utility 3 | 1 1 1 . Device 2 | . 1 1 . Storage 1 | 1 . . . Processor . | . . . . Hackware . | . . . . Protection . | . . . . Artifact . | . . . . Weapon 5 | 2 1 2 . Energy Gun 3 | 1 . 2 . Energy Cannon . | . . . . Ballistic Gun 1 | 1 . . . Ballistic Cannon 1 | . 1 . . Launcher . | . . . . Special Weapon . | . . . . Impact Weapon . | . . . . Slashing Weapon . | . . . . Piercing Weapon . | . . . . Special Melee Weapon . | . . . . Unidentified Prototypes 1 | . . 1 . Parts Lost 8 | . 2 . 6 Power 2 | . 1 . 1 Propulsion 3 | . 1 . 2 Utility 1 | . . . 1 Weapon 2 | . . . 2 Highest Loss Streak 6 | . 1 . 6 To Critical Strikes . | . . . . Average Slot Usage (%) 99 | . 98 100 99 Engine 13 | . 13 14 14 Leg 6 | . 23 . . Wheel 21 | . 4 28 27 Device 13 | . 13 14 14 Storage 14 | . 14 14 14 Energy Gun 20 | . 10 12 28 Ballistic Gun 4 | . 14 5 . Ballistic Cannon 3 | . 3 10 . Naked Turns 1 | . . . 1 Heaviest Build 17 | 14 16 17 16 Greatest Support 20 | 20 20 20 20 Greatest Overweight (x) 3 | . 1 . 3 Average Overweight (x) . | . . . . Largest Inventory Capacity 8 | 8 8 8 8 Average Capacity 7 | 6 8 8 7 Most Carried 8 | 6 8 8 8 Average Carried 7 | 2 7 7 7 Final Capacity 8 | 8 8 8 5 Final Carried 8 | 6 8 8 5 Class Distribution -------------------- 100% | Mutant Dominant Class ---------------- Mutant | -10/Materials Mutant | -10/Mines Mutant | -10/Exiles Resources | -11 -10 -10 -10 ----------- Run | Yrd Mat Min Exi Matter Collected 504 | 260 134 110 . Remotely . | . . . . Salvage Created 330 | 57 177 96 . Parts 16 | 2 8 6 . Haulers Intercepted 1 | . 1 . . Recyclers Shooed . | . . . . Parts Field Recycled . | . . . . Retrieved Matter . | . . . . Parts Self-Destructed . | . . . . Prevented . | . . . . Kills | -11 -10 -10 -10 ------- Run | Yrd Mat Min Exi Combat Hostiles Destroyed 9 | . 4 5 . Guns 5 | . 2 3 . Cannons 3 | . 1 2 . AOE 1 | . 1 . . Classes Destroyed 6 | 1 4 1 . Tunneler 1 | . 1 . . Hauler 1 | . 1 . . Recycler 1 | 1 . . . Watcher 1 | . 1 . . Swarmer 4 | . . 4 . Grunt 5 | . 4 1 . Best Kill Streak 5 | 1 5 2 . Combat Bots Only 2 | . 2 2 . Max Kills in Single Turn 3 | 1 3 1 . Gunslinging . | . . . . Exploded 1 | . 1 . . Melee . | . . . . Uniques/NPCs Destroyed . | . . . . Combat | -11 -10 -10 -10 -------- Run | Yrd Mat Min Exi Hostile Shots Fired 88 | . 22 32 34 Missed 20 | . 7 8 5 Damage Taken 1048 | . 386 225 437 Core 262 | . 46 63 153 Absorbed by Shields . | . . . . Core Remaining (%) 100 | 100 . . . Volleys Fired 42 | 7 17 16 2 Largest 2 | 1 2 2 1 Hottest 100 | 40 60 100 50 Shots Fired 74 | 7 34 30 3 Gun 54 | 7 28 16 3 Cannon 20 | . 6 14 . Launcher . | . . . . Special . | . . . . Kinetic 43 | . 23 20 . Thermal 13 | . . 10 3 Explosive . | . . . . Electromagnetic 18 | 7 11 . . Robot Hit Streak 9 | 1 9 2 3 Robot Miss Streak 7 | 2 2 7 . Penetration Max . | . . . . Secondary Targets . | . . . . Shots Hit Robots 32 | 3 18 10 1 Core Hits 20 | 2 11 7 . Critical Kills . | . . . . Critical Parts Destroyed . | . . . . Critical Strikes . | . . . . Melee Attacks . | . . . . Impact . | . . . . Slashing . | . . . . Piercing . | . . . . Sneak Attacks . | . . . . Combat Hostiles . | . . . . Follow-up Attacks . | . . . . Damage Inflicted 747 | 39 535 160 13 Guns 332 | 39 193 87 13 Cannons 140 | . 68 72 . Explosions 274 | . 274 . . Melee . | . . . . Ramming 1 | . . 1 . Kinetic 316 | . 218 98 . Thermal 74 | . . 61 13 Explosive 274 | . 274 . . Electromagnetic 82 | 39 43 . . Impact . | . . . . Slashing . | . . . . Piercing . | . . . . Highest Corruption 16 | . 1 1 16 Average Corruption 1 | . 1 1 1 Corruption Purged . | . . . . Corruption Blocked . | . . . . Effects 8 | . . 3 5 Message Errors 2 | . . 1 1 Matter Fused 1 | . . . 1 Heat Flow Errors 1 | . . 1 . Energy Discharges 1 | . . . 1 Misfires 1 | . . . 1 Alerts 1 | . . . 1 Weapon Failures 1 | . . 1 . Overload Shots . | . . . . Overflow Damage 27 | . 27 . . Projectiles . | . . . . Explosions 27 | . 27 . . Melee . | . . . . Knockbacks 1 | . . 1 . Impact . | . . . . Kinetic 1 | . . 1 . Secondary . | . . . . Self-Inflicted Damage 122 | . 122 . . Shots 2 | . 2 . . Rammed 1 | . . 1 . Targets Rammed 1 | . . 1 . Kicked . | . . . . Crushed . | . . . . Highest Temperature 315 | 20 . 315 20 Average Temperature 134 | 14 . 155 12 Received Heat Transfer 221 | . 105 36 80 Effects 5 | . . 5 . Interference 5 | . . 5 . Siege Activations . | . . . . Robots Corrupted . | . . . . Combat Hostiles . | . . . . Parts Fried 1 | 1 . . . Impact Corruptions . | . . . . Robots Melted . | . . . . Combat Hostiles . | . . . . Parts Melted 1 | . . 1 . Heat Transferred 185 | . . 148 37 Parts Sabotaged . | . . . . Parts Stolen . | . . . . Parts Stripped . | . . . . Power Chain Reactions . | . . . . Alert | -11 -10 -10 -10 ------- Run | Yrd Mat Min Exi Peak Influence 232 | 5 193 232 . Initial 3 | . 3 1 . Average 111 | 3 107 154 . Maximum Alert Level 1 | . . 1 . Low Security (%) 88 | 100 100 70 . Level 1 11 | . . 29 . Level 2 . | . . . . Level 3 . | . . . . Level 4 . | . . . . Level 5 . | . . . . High Security . | . . . . Max Security . | . . . . Squads Dispatched 2 | . 2 . . Investigation 1 | . 1 . . Extermination . | . . . . Reinforcement 1 | . 1 . . Assault . | . . . . Garrison . | . . . . Intercept . | . . . . Searches Triggered . | . . . . Construction Impeded . | . . . . Haulers Reinforced . | . . . . Active Scanning Responses . | . . . . Cargo Convoy Interrupts . | . . . . Stealth | -11 -10 -10 -10 --------- Run | Yrd Mat Min Exi Distress Signals 2 | . 1 1 . Communications Jammed . | . . . . Distress Signals . | . . . . Times Spotted 31 | . 8 9 14 Peak Tracking Total 16 | . 5 2 16 Tactical Retreats 1 | . . . 1 Traps | -11 -10 -10 -10 ------- Run | Yrd Mat Min Exi Traps Triggered 1 | . 1 . . Indirectly . | . . . . Trap Hack Attempts . | . . . . Triggered . | . . . . Disarmed . | . . . . Reprogrammed . | . . . . Reused . | . . . . Traps Extracted . | . . . . Installed . | . . . . Triggered . | . . . . Machines | -11 -10 -10 -10 ---------- Run | Yrd Mat Min Exi Machines Disabled 2 | . 2 . . Max in Single Turn 1 | . 1 . . Machines Repaired . | . . . . Machines Dismantled . | . . . . Machines Sabotaged . | . . . . Overloaded Fab Kills . | . . . . Hacking | -11 -10 -10 -10 --------- Run | Yrd Mat Min Exi Machines Accessed 8 | . 4 . 4 Terminals 4 | . 4 . . Fabricators . | . . . . Repair Stations . | . . . . Recycling Units . | . . . . Scanalyzers . | . . . . Garrison Access . | . . . . Total Hacks 61 | . 12 . 49 Successful 57 | . 8 . 49 Failed 3 | . 3 . . Catastrophic 1 | . 1 . . Database Lockouts 1 | . 1 . . Manual 5 | . . . 5 Terminals 12 | . 12 . . Fabricators . | . . . . Repair Stations . | . . . . Recycling Units . | . . . . Scanalyzers . | . . . . Garrison Access . | . . . . Terminal Hacks 57 | . 8 . 49 Record 52 | . 3 . 49 Robot Analysis 2 | . 2 . . Branch Access Points 1 | . 1 . . Alert Level 1 | . 1 . . Reinforcement Status 1 | . 1 . . Fabricator Hacks . | . . . . Repair Station Hacks . | . . . . Recycling Unit Hacks . | . . . . Scanalyzer . | . . . . Garrison Access Hacks . | . . . . Unauthorized Hacks . | . . . . Terminals . | . . . . Fabricators . | . . . . Repair Stations . | . . . . Recycling Units . | . . . . Scanalyzers . | . . . . Garrison Access . | . . . . Data Cores Recovered . | . . . . Used . | . . . . Hacking Detections 3 | . 3 . . Full Trace Events 1 | . 1 . . Feedback Events . | . . . . Feedback Blocked . | . . . . Robot Schematics Acquired . | . . . . Robots Built . | . . . . Authchips . | . . . . Time . | . . . . Total Robot Build Rating . | . . . . Part Schematics Acquired . | . . . . Parts Built . | . . . . Authchips . | . . . . Time . | . . . . Total Part Build Rating . | . . . . Parts Repaired . | . . . . Time . | . . . . Parts Recycled . | . . . . Recycled Matter . | . . . . Retrieved Matter . | . . . . Retrieved Components . | . . . . Parts Scanalyzed . | . . . . Part Schematics Acquired . | . . . . Parts Damaged . | . . . . Bothacking | -11 -10 -10 -10 ------------ Run | Yrd Mat Min Exi Used RIF Installer . | . . . . Robots Hacked . | . . . . Non-combat . | . . . . Combat . | . . . . Robot Hacks Applied . | . . . . Relay Couplers Released . | . . . . Fabnet Peak Effective % . | . . . . Robots Rewired . | . . . . Allies Hacked . | . . . . Hacks Repelled . | . . . . Allies | -11 -10 -10 -10 -------- Run | Yrd Mat Min Exi Total Allies 1 | . . 1 . Largest Group 1 | . . 1 . Highest-Rated Group 31 | . . 31 . Highest-Rated Ally 31 | . . 31 . Total Orders . | . . . . Ally Attacks 13 | . . 13 . Total Damage 189 | . . 189 . Kills 5 | . . 5 . Allies Corrupted . | . . . . Allies Melted . | . . . . Intel | -11 -10 -10 -10 ------- Run | Yrd Mat Min Exi Robot Analysis Total 2 | . 2 . . Derelict Logs Recovered . | . . . . Drone Launches . | . . . . Drone Recoveries . | . . . . Exploration | -11 -10 -10 -10 ------------- Run | Yrd Mat Min Exi Turns Passed 1736 | 131 419 365 821 Spaces Moved 1764 | 87 309 354 1014 Core 12 | 6 . . 6 Treads . | . . . . Legs 321 | 81 240 . . Wheels 1431 | . 69 354 1008 Hover . | . . . . Flight . | . . . . Fastest Speed 50 | 50 80 80 50 Average Speed 87 | 115 111 80 80 Slowest Speed 200 | 120 120 80 200 Overloaded Moves . | . . . . Propulsion Burnouts . | . . . . Robots Hopped . | . . . . Cave-ins Triggered . | . . . . Exploration Rate (%) 51 | 4 59 50 93 Regions Visited 3 Branch Regions 2 Pre-discovered Areas 1 | . . . 1 Known Exits Taken 1 | . 1 . . Unknown Exits Taken 2 | 1 . 1 . Scrap Searched 1 | . . 1 . Spaces Dug . | . . . . Terrain Destroyed 54 | . 54 . . Melee . | . . . . Projectile . | . . . . AOE 54 | . 54 . . Terrain Rammed . | . . . . Walls Destroyed . | . . . . Machines Disabled . | . . . . Actions | -11 -10 -10 -10 --------- Run | Yrd Mat Min Exi Total 1887 | 111 351 405 1020 Wait 30 | . 4 25 1 Move 1761 | 86 308 353 1014 Hop . | . . . . Pick Up 24 | 12 8 3 1 Fast Attach 4 | . 3 1 . Attach 10 | 6 3 1 . Detach 1 | . 1 . . Swap 2 | . 1 1 . Drop 11 | . 6 4 1 Fire 42 | 7 17 16 2 Melee . | . . . . Ram 1 | . . 1 . Kick . | . . . . Crush . | . . . . Escape Stasis . | . . . . Rewire 1 | . . . 1 Trap . | . . . . Miscellaneous . | . . . . Route ------- -11/Scrapyard -10/Materials (discovered 3 exits: [*Mat] / *Min / [*Sub]) -10/Mines -10/Exiles (discovered 2 exits: [*Min x2]) History --------- Turn | Location | Event 4 | -11/Scrapyard | Discovered new exit (range 15) 132 | -11/Scrapyard | Entered Materials 243 | -10/Materials | Discovered new exit (range 10) 302 | -10/Materials | Build established: Mutant 360 | -10/Materials | Discovered new exit (range 14) 401 | -10/Materials | Identified exit to Mines 503 | -10/Materials | Central database locked down 551 | -10/Materials | Entered Mines 554 | -10/Mines | Received a Mining Laser from a helpful Derelict 730 | -10/Mines | Found a damaged Exp. Sensor Array with a note attached 732 | -10/Mines | Found Prototype Device 733 | -10/Mines | Identified Exp. Sensor Array 912 | -10/Mines | Deemed a non-threat by the Exiles lab entrance 913 | -10/Mines | Discovered new exit (range 5) 916 | -10/Mines | Entered Exiles 929 | -10/Exiles | Discovered new exit (range 14) 950 | -10/Exiles | Met 8R-AWN 965 | -10/Exiles | Met EX-HEX 1010 | -10/Exiles | Met EX-DEC 1028 | -10/Exiles | Learned location of Zion (-7) 1071 | -10/Exiles | Discovered new exit (range 10) 1120 | -10/Exiles | Met EX-BIN 1250 | -10/Exiles | Visited The Gauntlet 1708 | -10/Exiles | Attacked by the Exiles 1729 | -10/Exiles | Core integrity fell below 50% 1735 | -10/Exiles | System corruption reached 10% 1736 | -10/Exiles | Released all parts (1) 1737 | -10/Exiles | Core integrity fell below 20% 1737 | -10/Exiles | Destroyed by as-90328 with Assembled Rifle Last Messages --------------- 01572_ Connecting with EX-Message Board... 01665_ System corrupted: IFF burst signal emitted. 01708_ System corrupted: FCS attempts to trigger Med. Laser. 01708_ System corrupted: Med. Laser misfires. 01708_ EXILES: Hostile robot within lab perimeter. Defensive protocols time, folks! 01729_ Wheel destroyed. 01730_ Ion Engine destroyed. 01730_ Wheel destroyed. 01730_ System corrupted by crushing effect (+4). 01732_ Exp. Sensor Array destroyed. 01732_ System corrupted by crushing effect (+2). 01734_ J5-HVA destroyed. 01734_ Med. Laser destroyed. 01734_ Particle Gun destroyed. 01734_ System corrupted by crushing effect (+2). 01734_ System corrupted by crushing effect (+5). 01734_ Knocked back. 01735_ EX-BIN: "I just want to science!" 01736_ Released Sml. Storage Unit. Map ----- +----------------------------------------------------+ | ????????????#""" ""#???????????##"" | | ????????????#"" ########??####"""" | | ????????????#""" ## ####""" | | ????????????#"" """" | | ????????????##"" ! | | ?????????????#"""" | | ?????????????## | | ??????????????#" " "" | | ??????????????#"""" ""## ##""" " " | | ??????????????#"" ""#### ######""" | | ??????????????#" """"##??# #????###"" | | ??????????????#""" """#??## ####???### | | ??????????????## ""##??#! "!#?????? | | ???????????????#"" z """##???#" !#?????? | | ???????????????##""" ##????#" "#?????? | | ????????????????##"""" ##?????#! ""!"#?????? | | ?????????????????### #??????########?????? | | ???????????????????##### ##???????????????????? | | ???????????????????????## #????????????????????? | | ????????????????????????# c #????????????????????? | | ????????????????????????# a #????????????????????? | | ????????????????????????# #????????????????????? | | ?????###???????###??????# #????????????????????? | | ????""""""#??#"""""?????# a #????????????????????? | | ???"""""""#???"""""""???# #????????????????????? | | ??"""""" "#??#" """"#??#@c #????????????????????? | | ""#""" """#???"" """???# z #????????????????????? | | ""#"" ""????"" ""???# !!#????????????????????? | | ""###"""########"""######!a=########?####????????? | | """"" """""""" """"""=!z"""""""#"""""#???????? | | """" """"""" ca "#"" ""#???????? | | a " ""#???????? | | aa " " "#???????? | | " """#???????? | | "" #"" ""#???????? | | """ " """"" " """" """""#"""""#???????? | | #####"""###""###"""########"""######?####????????? | | ???"" ""#""#"" ""????"" ""?????????????????? | | ??#""" ""#""#""" ""#??#"" """#????????????????? | | ??#" """"""""#" " "#??#"""""""#????????????????? | | ???"""""""????"""""""#??#"" """"#????????????????? | | ???"""""""????"""""""#??#"""""""?????????????????? | | ????????????????##?#??????####???????????????????? | | ?????????????????????????????????????????????????? | | ?????????????????????????????????????????????????? | | ?????????????????????????????????????????????????? | | ?????????????????????????????????????????????????? | | | | | | | +----------------------------------------------------+ Best States ------------- Heat Dissipation 35 Energy Generation 10 Energy Capacity 250 Matter Stores 300 Matter Capacity 300 Sight Range 16 Robot Scan Range 20 Terrain Scan Density 10 Evasion (%) 55 Item Schematics ----------------- None Robot Schematics ------------------ None Fabricated ------------ Nothing Alien Tech Used ----------------- None Achievements -------------- None Challenges ------------ None Game ------ Seed NuclearPhysicsMinigun Manual? 0 Play Time 00:43:53 Cumulative 11.1 hours Start 2024.03.05 @ 19:44:52 End 2024.03.06 @ 10:13:53 Sessions 7 Manual Loads 0 Difficulty Rogue Special Mode None Game No. 4 Rogue 4 Adventurer 0 Explorer 0 Win Type - Total 0 Types 0/0/0/0/0/0/0/0/0 Lore% 14 Gallery% 12 Achievement% 14 Wizard Run 0 Options --------- Layout 0 ASCII 0 Keyboard 0 Movement Numpad Keybinds 0 Fullscreen 1 Font 24/Smallcaps Map View 76x50 Zoom Use 0% Tactical HUD 1 Map Filters NONE Filters NONE Steam 1 RUN: 850af5d9-824a-42fd-b0e9-cf1f04b2be73